 Dungeon Crawl Stone Soup version 0.30-a0-218-gedb9141078 (webtiles) character file.

Game seed: 15465099462197737696

1459 ryw the Summoner (level 8, -14/45 HPs)
             Began as a Deep Elf Summoner on Oct 5, 2022.
             Shot with a sling bullet by Joseph (23 damage)
             ... on level 7 of the Dungeon.
             The game lasted 00:13:44 (4857 turns).

ryw the Summoner (Deep Elf Summoner)                Turns: 4857, Time: 00:13:44

Health: -14/45     AC:  2    Str:  5    XL:     8   Next: 48%
Magic:  12/16      EV: 13    Int: 23    God:
Gold:   135        SH:  0    Dex: 15    Spells: 7/16 levels left

rFire   . . .      SeeInvis .    a - +4 falchion (freeze)
rCold   . . .      Faith    .    (no shield)
rNeg    . . .      Spirit   .    z - +0 robe
rPois   .          Reflect  .    (no helmet)
rElec   .          Harm     .    (no cloak)
rCorr   .          Rampage  .    (no gloves)
Will    .....                    (no boots)
Stlth   ++........               (no amulet)
HPRegen 0.27/turn                (no ring)
MPRegen 0.15/turn                (no ring)

@: no status effects
A: no striking features
a: no special abilities


You were on level 7 of the Dungeon.
You visited 1 branch of the dungeon, and saw 5 of its levels.

You collected 135 gold pieces.

Inventory:

Hand Weapons
 a - a +4 falchion of freezing (weapon)
 i - a +0 dagger
 v - a +3 trident
Missiles
 n - 17 stones
 s - 3 poisoned darts
Armour
 y - a +0 leather armour of poison resistance
 z - a +0 robe (worn)
Jewellery
 m - a ring of ice
Scrolls
 g - 4 scrolls of identify {unknown}
 h - 2 scrolls of noise {unknown}
 j - a scroll of brand weapon {unknown}
 l - a scroll of enchant weapon {unknown}
 p - a scroll of butterflies {unknown}
 r - 3 scrolls of teleportation {unknown}
 t - a scroll of vulnerability {unknown}
 u - a scroll of enchant armour {unknown}
 w - a scroll of immolation {unknown}
 x - a scroll of amnesia {unknown}
Potions
 b - a potion of magic
 c - 3 potions of degeneration {unknown}
 d - a potion of attraction {unknown}
 e - a potion of mutation {unknown}
 f - 3 potions of curing {unknown}
 k - a potion of brilliance {unknown}
 o - a potion of flight {unknown}
 q - a potion of might {unknown}


   Skills:
 + Level 2.3 Fighting
 + Level 1.0 Long Blades
 + Level 4.0 Dodging
 - Level 2.4 Stealth
 + Level 4.5 Spellcasting
 * Level 11.0 Summonings


You had 7 spell levels left.
You knew the following spells:

 Your Spells              Type           Power      Damage    Failure   Level
a - Summon Small Mammal   Summ           100%       N/A       1%          1
b - Call Imp              Summ           54%        N/A       1%          2
c - Call Canine Familiar  Summ           54%        N/A       1%          3
d - Summon Guardian Gole  Hex/Summ       30%        N/A       3%          3

Your spell library contained the following spells:

 Spells                   Type           Power      Damage    Failure   Level
 Summon Lightning Spire   Summ/Air       30%        N/A       11%         4


Dungeon Overview and Level Annotations

Branches:
Dungeon (7/15)
 Temple: D:4-7

Altars:
Ashenzari
Cheibriados
Gozag
Kikubaaqudgha
Qazlal
Uskayaw
The Shining One

Annotations:
D:7 Joseph


Message History

The sling bullet closely misses your wolf.
The sling bullet hits your guardian golem but does no damage.
Your wolf bites Joseph!
Joseph shoots a sling bullet.
The sling bullet hits your bat!
Your bat dies!
Your bat's corpse disappears in a puff of smoke!
Your wolf barely misses Joseph.
Unknown command.
Something hits your guardian golem! What are your orders? t - Shout!
Orders for allies: a - Attack new target. p - Attack previous target. r - Retreat! s - Stop attacking. g - Guard the area. f - Follow me.
Anything else - Cancel.
Gang up on whom?
Press: ? - help, Dir - move target, f/p - Joseph
Aim: Joseph, wielding a +0 quarterstaff and wearing a +0 ring mail (moderately wounded, ally target) Attack!
Your wolf barely misses Joseph.
Joseph unwields a +0 quarterstaff.
Joseph wields a +0 sling.
Joseph shoots a sling bullet.
The sling bullet hits your wolf!
Your wolf bites Joseph but does no damage.
Your white imp hits Joseph but does no damage.
Unknown command.
Your wolf closely misses Joseph.
Your quokka barely misses Joseph.
Joseph shoots a sling bullet.
The sling bullet hits your quokka!!
Your quokka dies!
Your quokka's corpse disappears in a puff of smoke!
Your wolf bites Joseph.
Your guardian golem overheats!
Your white imp hits Joseph.
Your white imp freezes Joseph.
Your wolf completely misses Joseph.
Joseph shoots a sling bullet.
The sling bullet hits you!
* * * LOW HITPOINT WARNING * * *
Your wolf bites Joseph.
Your white imp barely misses Joseph.
Unknown command.
Your wolf bites Joseph.
Joseph shoots a sling bullet.
The sling bullet hits you!!
Ouch! That really hurt!
You die...

##.## .....
############
8...8.#..........#
.....h#..........#
.._..9@5.........#
@.....#ยง.........#
8...8 #..........#
.... #<.........#
##. #..@.......# ..
#....).....# .
#....))....#
###.#.###### ...#.#
#.###.# ... #.# #..
#.# .. #.#


You could see Joseph (ally target), a friendly wolf (summoned, sheltered) and a
friendly white imp (summoned, sheltered).

Vanquished Creatures
  An adder (D:2)
  An endoplasm (D:2)
  A goblin (D:3)
3 creatures vanquished.

Vanquished Creatures (collateral kills)
  Grinder (D:3)
  Menkaure (D:7)
  An orc warrior (D:6)
  An ice beast (D:6)
  2 centaurs
  A phantom (D:6)
  2 necrophages (D:6)
  5 wights (D:6)
  An orc priest (D:7)
  A hound (D:6)
  2 jellies (D:6)
  3 iguanas (D:6)
  5 adders
  A shadow imp (D:6)
  A white imp (D:6)
  An ufetubus (D:6)
  10 orcs
  4 endoplasms
  4 hobgoblins
  4 jackals
  A quokka (D:1)
  3 ball pythons (D:1)
  5 bats
  2 frilled lizards (D:2)
  A goblin (D:2)
  4 kobolds
  4 rats
71 creatures vanquished.

Grand Total: 74 creatures vanquished

Notes
Turn   | Place    | Note
-------+----------+-------------------------------------------
     0 | D:1      | ryw the Deep Elf Summoner began the quest for the Orb.
     0 | D:1      | Reached XP level 1. HP: 10/10 MP: 6/6
   118 | D:1      | Found a faded altar of an unknown god.
   278 | D:1      | Reached XP level 2. HP: 15/15 MP: 5/8
   283 | D:1      | Learned a level 2 spell: Call Imp
   431 | D:1      | Reached skill level 5 in Summonings
   939 | D:2      | Reached XP level 3. HP: 19/19 MP: 4/9
   947 | D:2      | Learned a level 3 spell: Call Canine Familiar
  1956 | D:3      | Reached skill level 6 in Summonings
  2087 | D:3      | Found a broken altar of Ashenzari.
  2121 | D:3      | Noticed Grinder
  2235 | D:3      | Paralysed by Grinder for 5 turns
  2250 | D:3      | Killed Grinder
  2251 | D:3      | Reached skill level 7 in Summonings
  2251 | D:3      | Reached XP level 4. HP: 12/24 MP: 2/10
  2251 | D:3      | Reached XP level 5. HP: 14/28 MP: 2/11
  2251 | D:3      | Reached XP level 6. HP: 17/33 MP: 2/12
  2350 | D:3      | Found a snail-covered altar of Cheibriados.
  2353 | D:3      | Found an ancient bone altar of Kikubaaqudgha.
  2353 | D:3      | Found a stormy altar of Qazlal.
  2353 | D:3      | Found a hide-covered altar of Uskayaw.
  2356 | D:3      | Found a glowing golden altar of the Shining One.
  2664 | D:3      | Reached skill level 8 in Summonings
  2748 | D:3      | You fall into a shaft and drop 3 floors!
  3470 | D:6      | Reached skill level 9 in Summonings
  3470 | D:6      | Reached XP level 7. HP: 29/37 MP: 10/13
  3724 | D:6      | Reached skill level 1 in Fighting
  3728 | D:6      | Reached skill level 10 in Summonings
  3812 | D:6      | Learned a level 3 spell: Summon Guardian Golem
  4197 | D:6      | Reached XP level 8. HP: 43/43 MP: 13/15
  4835 | D:7      | Found an opulent altar of Gozag.
  4835 | D:7      | Noticed Menkaure
  4840 | D:7      | Noticed Joseph
  4842 | D:7      | Killed Menkaure
  4843 | D:7      | Reached skill level 1 in Long Blades
  4843 | D:7      | Reached skill level 11 in Summonings
  4857 | D:7      | Shot with a sling bullet by Joseph

Illustrated notes

Levels and vault maps discovered:
D:1:      nicolae_arrival_washed_ashore, layout_basic, basic_ecumenical_altar,
          minmay_liquid_box, moated_statue
D:2:      layout_basic, minmay_misc_feat_plants
D:3:      minmay_skewed_foursquare, layout_basic, cheibrodos_ashenzari_chains,
          nicolae_overflow_ecumenical_swirl, grunt_temple_overflow_open,
          uniq_grinder
D:6:      kb_forest_paths, layout_layer_cave, minmay_misc_feat_square
D:7:      layout_rooms, grunt_gozag_statues, enter_bailey_2, uniq_menkaure,
          uniq_joseph

Skill      XL: |  1  2  3  4  5  6  7  8 |
---------------+-------------------------+-----
Summonings     | 5 7 9 10 11 | 11.0
Fighting       | 1 2 |  2.3
Dodging        | 3 4 |  4.0
Spellcasting   | 4 |  4.5
Long Blades    | 1 |  1.0
Stealth        | |  2.4

Action                   |  1- 3 |  4- 6 |  7- 9 || total
-------------------------+-------+-------+-------++-------
Melee: Unarmed           |     1 |       |       ||     1
       Dagger            |     6 |    10 |       ||    16
       Punch             |     1 |       |       ||     1
       Trident           |       |       |     1 ||     1
 Cast: Summon Small Mamm |    57 |    15 |    21 ||    93
       Call Imp          |    15 |     9 |    13 ||    37
       Call Canine Famil |     4 |     4 |     9 ||    17
       Summon Guardian G |       |       |     1 ||     1
 Stab: Distracted        |     1 |       |       ||     1
Armor: Robe              |     6 |       |       ||     6
Dodge: Dodged            |    13 |     5 |     7 ||    25

Table legend: (Time is in decaauts)
 A = Elapsed time spent in this place.
 B = Non-inter-level travel time spent in this place.
 C = Inter-level travel time spent in this place.
 D = Time resting spent in this place.
 E = Time spent auto-exploring this place.
 F = Levels seen in this place.
 G = Mean time per level.
                   A        B        C        D        E       F      G
               +--------+--------+--------+--------+--------+-----+--------+
         Total |   4856 |   4779 |     77 |    195 |   3684 |   5 |  971.2 |
       Dungeon |   4856 |   4779 |     77 |    195 |   3684 |   5 |  971.2 |
               +--------+--------+--------+--------+--------+-----+--------+

Top non-repeatable levels by time:
     D:6: 1974 daAuts
     D:2: 1285 daAuts
     D:3: 738 daAuts
     D:1: 725 daAuts
     D:7: 133 daAuts
